 Dungeon Crawl Stone Soup version 0.24-a0-397-g73b976d (webtiles) character file.

Game seed: 11097223523813406135

1875 Spazmo the Thaumaturge (level 8, 0/41 HPs)
             Began as a Deep Elf Fire Elementalist on June 4, 2019.
             Succumbed to a killer bee's poison
             ... on level 7 of the Dungeon.
             The game lasted 00:17:39 (5908 turns).

Spazmo the Thaumaturge (Deep Elf Fire Elementalist) Turns: 5908, Time: 00:17:40

Health: 0/41       AC:  4    Str:  5      XL:     8   Next: 91%
Magic:  3/22       EV: 13    Int: 23      God:
Gold:   273        SH:  5    Dex: 13 (15) Spells: 8/23 levels left

rFire    . . .     SeeInvis .   q - +5 mace (holy)
rCold    . . .     Gourm    .   r - +0 buckler
rNeg     . . .     Faith    .   a - +0 robe
rPois    .         Spirit   .   i - +0 helmet
rElec    .         Reflect  .   o - scarf {repulsion}
rCorr    .         Harm     .   (no gloves)
MR       .....                  h - +0 pair of boots
Stlth    ++........             (no amulet)
HPRegen  0.13/turn              (no ring)
MPRegen  0.18/turn              (no ring)

@: lethally poisoned (0 -> -10), repel missiles
A: no striking features
a: no special abilities


You were on level 7 of the Dungeon.
You were not hungry.

You visited 2 branches of the dungeon, and saw 8 of its levels.

You collected 273 gold pieces.

Inventory:

Hand Weapons
 q - a +5 mace of holy wrath (weapon)
Missiles
 d - 161 stones (quivered)
Armour
 a - a +0 robe (worn)
 h - a +0 pair of boots (worn)
 i - a +0 helmet (worn)
 o - a scarf of repulsion (worn)
 r - a +0 buckler (worn)
Wands
 s - a wand of clouds (9)
Scrolls
 j - 4 scrolls of identify
 l - a scroll of magic mapping
 m - a scroll of enchant weapon
 n - 3 scrolls of amnesia
 t - a scroll of remove curse
Potions
 b - a potion of invisibility
 e - a potion of agility
 f - a potion of flight
 g - 2 potions of brilliance
 k - a potion of mutation
Comestibles
 c - 10 rations
 u - 2 chunks of flesh


   Skills:
 - Level 3.0 Dodging
 - Level 3.0 Stealth
 + Level 3.8 Shields
 + Level 8.3 Spellcasting
 + Level 6.5 Conjurations
 + Level 7.2 Fire Magic


You had 8 spell levels left.
You knew the following spells:

 Your Spells              Type           Power        Failure   Level  Hunger
a - Flame Tongue          Conj/Fire      #####        1%          1    None
b - Throw Flame           Conj/Fire      #####.       1%          2    None
c - Conjure Flame         Conj/Fire      #####...     1%          3    None
d - Sticky Flame          Conj/Fire      #####...     4%          4    ##.....
e - Fireball              Conj/Fire      #####.....   11%         5    #####..

Your spell library contained the following spells:

 Spells                   Type           Power        Failure   Level  Hunger
 Inner Flame              Hex/Fire       ####....     4%          3    None
 Dazzling Spray           Conj/Hex       ###...       5%          3    None
 Corona                   Hex            #......      7%          1    None
 Ensorcelled Hibernation  Hex/Ice        #.....       10%         2    None
 Confuse                  Hex            #.......     21%         3    None
 Tukima's Dance           Hex            #.......     21%         3    None


Dungeon Overview and Level Annotations

Branches:
Dungeon (7/15)             Temple (1/1) D:5

Altars:
Ashenzari
Cheibriados
Dithmenos
Elyvilon
Fedhas
Gozag
Hepliaklqana
Makhleb
Okawaru
Qazlal
Ru
Trog
Xom
Yredelemnul
Zin
The Shining One

Shops:
D:6 :


Message History

The killer bee stings you!
You feel sick. The killer bee stings you.
You are more poisoned.
The killer bee poisons you! The quasit bites you.
You feel clumsy. The quasit completely misses you.
You block the quasit's attack.
A ball python comes into view.
The killer bee stings you.
* * * LOW HITPOINT WARNING * * *
You feel sick. You block the killer bee's attack. The killer bee stings you!
* * * LOW HITPOINT WARNING * * *
You are more poisoned.
The killer bee poisons you!
Okay, then.
Unknown command.
Unknown command.
You hit the killer bee but do no damage.
The killer bee is heavily wounded.
You die...

#...##..........# #.......#.
#...............####'#....#
#......#..................#
#......#.#...#.#[..#.##+#.#
#...##.#.#..†#.....+.. ...
#...##.#.#...#.....#.# ##
######'#....5#..####
#.......###..#..####.#.
#............5y@.......
#................######
#####..).........+ ....
#.†..........###### #...
#..)))............# ..#...
#....[........[...# #.....
#....)..............#.#.....
#######...)........#...#.#.....
#.....+........###.#'#.........


You could see a killer bee and a quasit.

Vanquished Creatures
  A black bear (D:6)
  4 ogres
  A centaur (D:7)
  A big kobold (D:7)
  8 killer bees
  A scorpion (D:5)
  3 crimson imps
  2 quasits
  4 hounds
  A bullfrog skeleton (D:5)
  A centaur skeleton (D:6)
  4 orc priests
  4 orc wizards
  Natasha (thrice) (D:2)
  2 worker ants
  A worker ant zombie (D:5)
  8 adders
  A shadow imp (D:5)
  4 oozes
  2 worms (D:4)
  4 dart slugs
  2 leopard geckos (D:3)
  14 orcs
  9 bats
  4 giant cockroaches
  6 goblins
  7 hobgoblins
  3 jackals (D:2)
  11 kobolds
  5 quokkas
  A ball python (D:1)
  6 frilled lizards
  8 rats
136 creatures vanquished.

Notes
Turn   | Place    | Note
-------+----------+-------------------------------------------
     0 | D:1      | Spazmo the Deep Elf Fire Elementalist began the quest for
                  | the Orb.
     0 | D:1      | Reached XP level 1. HP: 10/10 MP: 6/6
    80 | D:1      | Reached XP level 2. HP: 15/15 MP: 4/8
    86 | D:1      | Learned a level 2 spell: Throw Flame
   275 | D:1      | You fall into a shaft and drop 1 floor!
   486 | D:1      | Reached XP level 3. HP: 19/19 MP: 7/9
   491 | D:1      | Learned a level 3 spell: Conjure Flame
   648 | D:2      | Noticed Natasha
   650 | D:2      | Killed Natasha
   691 | D:2      | Reached XP level 4. HP: 24/24 MP: 8/11
   694 | D:2      | Noticed Natasha
   697 | D:2      | Killed Natasha
   697 | D:2      | Reached skill level 4 in Spellcasting
   818 | D:2      | Noticed Natasha
   822 | D:2      | Killed Natasha
   822 | D:2      | Reached XP level 5. HP: 28/28 MP: 9/13
   828 | D:2      | Learned a level 4 spell: Sticky Flame
  1791 | D:3      | Reached skill level 5 in Spellcasting
  2067 | D:3      | Noticed a fire elemental
  2069 | D:3      | Found a stormy altar of Qazlal.
  2070 | D:3      | Noticed a water elemental
  2070 | D:3      | Noticed an air elemental
  2438 | D:4      | Noticed an ogre
  2446 | D:4      | Reached XP level 6. HP: 32/32 MP: 8/15
  2502 | D:4      | Reached skill level 5 in Fire Magic
  2671 | D:4      | Reached skill level 1 in Shields
  3209 | D:4      | Found a blossoming altar of Fedhas.
  3224 | D:4      | Reached skill level 6 in Spellcasting
  3224 | D:4      | Reached XP level 7. HP: 36/36 MP: 7/18
  3267 | D:5      | Entered Level 5 of the Dungeon
  3317 | D:5      | Learned a level 5 spell: Fireball
  3429 | D:5      | Found a shadowy altar of Dithmenos.
  3430 | D:5      | Found a sacrificial altar of Ru.
  3478 | D:5      | Found a glowing golden altar of the Shining One.
  3479 | D:5      | Found a white marble altar of Elyvilon.
  3485 | D:5      | Found a glowing silver altar of Zin.
  3520 | D:5      | Found a staircase to the Ecumenical Temple.
  3537 | Temple   | Entered the Ecumenical Temple
  4156 | D:5      | Reached skill level 5 in Conjurations
  4444 | D:6      | Reached skill level 7 in Spellcasting
  4444 | D:6      | Reached XP level 8. HP: 27/41 MP: 8/20
  4565 | D:6      | Found Joalieti's Book Shoppe.
  5288 | D:6      | Identified a scroll of acquirement
  5546 | D:7      | Found a shattered altar of Ashenzari.
  5708 | D:7      | Reached skill level 8 in Spellcasting
  5907 | D:7      | HP: 2/41 [killer bee (9)]
  5908 | D:7      | Succumbed to a killer bee's poison

Levels and vault maps discovered:
D:1:      wander_arrival_peaceful_grave, layout_loops_cross
D:2:      layout_loops_ring, chequers_big_river, uniq_natasha
D:3:      wad_lake_hut, layout_basic, first_ration, roderic_filled_cross,
          nicolae_qazlal_style_of_elements
D:4:      layout_basic, kennysheep_mini
D:5:      layout_cave_pods, good_gods_temple_1, grunt_temple_overflow_open,
          minmay_temple_entry_slanted, minmay_misc_feat_room
D:6:      layout_rooms, serial_co_window_serial, co_window_cross_1,
          co_window_paths_a, co_window_paths_a, co_window_paths_b,
          co_window_paths_b, co_window_corner_b, co_window_of_opportunity_b,
          co_window_broadway_b, co_window_paths_c, co_window_corner_b,
          co_window_2corner, co_window_2corner, co_window_4corner_a,
          glass_columns_a, glass_columns_b, serial_shops, shop
D:7:      layout_basic, cheibrodos_ashenzari_chains,
          nicolae_overflow_crystal_walls, basic_altar, serial_shops, shop
Temple:   dpeg_three_leaves_temple

Skill      XL: |  1  2  3  4  5  6  7  8 |
---------------+-------------------------+-----
Stealth        | 3 |  3.0
Dodging        | 3 |  3.0
Conjurations   | 2 3 4 5 6 |  6.5
Spellcasting   | 4 5 6 7 8 |  8.3
Fire Magic     | 4 5 6 7 |  7.2
Shields        | 1 2 3 |  3.8

Action                   |  1- 3 |  4- 6 |  7- 9 || total
-------------------------+-------+-------+-------++-------
Melee: Dagger            |     5 |     1 |       ||     6
       Mace              |       |     2 |    18 ||    20
Throw: Stone             |       |     5 |     1 ||     6
 Cast: Flame Tongue      |    45 |   117 |   100 ||   262
       Throw Flame       |     1 |    10 |    28 ||    39
       Sticky Flame      |       |     3 |     8 ||    11
       Fireball          |       |       |     2 ||     2
  Use: Scroll            |     2 |     5 |     9 ||    16
       Potion            |       |     1 |     2 ||     3
  Eat: Chunk             |       |     8 |     2 ||    10
       Ration            |       |       |     2 ||     2
Armor: Robe              |     8 |     6 |    21 ||    35
Dodge: Dodged            |    16 |    31 |    76 ||   123
       Deflected         |       |       |     1 ||     1
Block: Buckler           |       |     4 |    22 ||    26

Table legend:
 A = Non-vault XP
 B = Vault XP
 C = Vault XP percentage of total XP
 D = Non-vault monster count
 E = Vault monster count
 F = Vault count percentage of total count
                 A         B        C        D         E       F
            +---------+---------+-------+---------+---------+-------
      Total |    2644 |      35 |   1.3 |     135 |       1 |   0.7
            +---------+---------+-------+---------+---------+-------
        D:1 |      54 |       0 |   0.0 |      26 |       0 |   0.0
        D:2 |     163 |      35 |  17.7 |      25 |       1 |   3.8
        D:3 |     111 |       0 |   0.0 |      16 |       0 |   0.0
        D:4 |     459 |       0 |   0.0 |      21 |       0 |   0.0
        D:5 |     588 |       0 |   0.0 |      16 |       0 |   0.0
        D:6 |     475 |       0 |   0.0 |       9 |       0 |   0.0
        D:7 |     794 |       0 |   0.0 |      22 |       0 |   0.0
            +---------+---------+-------+---------+---------+-------
